AoeStats
← Mr. Penis

MegaRandom

505258186Analyzed
4v4 RM · 23d ago on Sep 8, 2026· 49m 34s· 8 players
Game mode
Random Map
Map size
Large (8 player)
Population
200
Speed
Normal
Resources
Standard
Victory
Conquest
Starting age
Dark Age
Ending age
Imperial Age
RankedLock teamsTeams togetherTeam positionsShared explorationLock speedFull tech treeHidden civsTurbo modeCheats
Victory
Defeat
🇷🇺 Jurchens · Russia
1143
+16
🇷🇴 Ethiopians · Romania
1136
+16
🇳🇱 Maya · Netherlands
1101
+18
🇵🇱 Byzantines · Poland
1086
+18
🇩🇰 Italians · Denmark
1178
-18
🇪🇸 Britons · Spain
1158
-18
🇹🇼 Mongols · Taiwan
1146
-17
🇭🇰 Franks · Hong Kong SAR China
1092
-15
Hola Conchita
9:16 Feudal Age
9:52 Double-Bit Axe
13:27 Loom
16:28 Castle Age
14:47 Fletching
16:05 Gold Mining
16:06 Horse Collar
17:13 Crossbowman
18:28 Stone Mining
18:41 Padded Archer Armor
23:20 Wheelbarrow
31:24 Imperial Age
30:47 Thumb Ring
31:06 Ballistics
30:42 Murder Holes
32:56 Bow Saw
32:30 Capped Ram
33:56 Conscription
33:08 Arbalester
35:56 Siege Ram
36:55 Bodkin Arrow
37:20 Leather Archer Armor
43:41 Chemistry
43:22 Bracer
43:53 Ring Archer Armor
43:25 Heavy Plow
43:42 Hand Cart
43:13 Town Watch
el mangonel
0:42 Loom
11:16 Feudal Age
18:10 Castle Age
17:46 Double-Bit Axe
17:42 Horse Collar
17:53 Gold Mining
20:35 Scale Barding Armor
20:34 Husbandry
22:10 Gold Shaft Mining
23:53 Town Watch
24:31 Bow Saw
24:53 Fletching
25:42 Bodkin Arrow
27:20 Wheelbarrow
27:52 Forging
29:07 Scale Mail Armor
29:11 Arson
33:08 Squires
33:43 Chain Mail Armor
34:04 Iron Casting
34:26 Iron Casting
35:04 Chain Barding Armor
37:38 Imperial Age
36:00 Hand Cart
35:45 Crossbowman
35:54 Elite Skirmisher
38:05 Heavy Plow
39:28 Conscription
39:13 Royal Heirs
40:48 Plate Mail Armor
40:58 Hand Cart
42:09 Two-Man Saw
43:15 Heavy Camel Rider
45:33 Blast Furnace
45:04 Bracer
45:42 Town Patrol
45:49 Padded Archer Armor
46:23 Stone Mining
50:26 Leather Archer Armor
tiwaz55
0:35 Loom
10:01 Feudal Age
15:55 Castle Age
15:23 Fletching
28:55 Wheelbarrow
33:48 Double-Bit Axe
33:54 Horse Collar
34:17 Stone Mining
35:55 Stone Shaft Mining
37:01 Bodkin Arrow
38:05 Gold Mining
39:46 Gold Shaft Mining
40:40 Hand Cart
44:06 Imperial Age
41:12 Elite Skirmisher
41:58 Thumb Ring
42:40 Padded Archer Armor
44:06 Bow Saw
45:02 Forging
44:50 Bodkin Arrow
45:24 Leather Archer Armor
45:50 Guard Tower
47:43 Chemistry
46:24 Treadmill Crane
48:33 Bracer
Mr. Penis
10:02 Feudal Age
14:24 Castle Age
14:29 Castle Age
12:44 Horse Collar
12:50 Double-Bit Axe
16:26 Bow Saw
16:22 Heavy Plow
18:57 Fervor
19:03 Loom
22:23 Wheelbarrow
21:33 Town Watch
22:59 Gold Mining
25:16 Bloodlines
25:18 Scale Barding Armor
26:15 Gold Shaft Mining
25:31 Stone Mining
25:45 Husbandry
27:32 Stone Shaft Mining
31:45 Chain Barding Armor
31:37 Forging
32:51 Hand Cart
32:36 Town Patrol
36:16 Imperial Age
35:17 Fortified Bastions
37:56 Iron Casting
37:11 Fletching
36:54 Elite Steppe Lancer
38:04 Guilds
39:09 Plate Barding Armor
40:29 Conscription
40:45 Hoardings
40:59 Crop Rotation
41:45 Two-Man Saw
41:35 Masonry
48:20 Blast Furnace
47:15 Bodkin Arrow
Don
0:35 Loom
10:16 Feudal Age
10:43 Double-Bit Axe
16:25 Castle Age
15:54 Horse Collar
17:28 Bow Saw
20:06 Heavy Plow
21:04 Gold Mining
21:04 Stone Mining
21:09 Fletching
21:28 Padded Archer Armor
25:32 Stone Shaft Mining
27:41 Bodkin Arrow
28:01 Leather Archer Armor
27:52 Scale Barding Armor
27:58 Forging
30:36 Ballistics
32:55 Imperial Age
31:03 Wheelbarrow
30:13 Town Watch
30:45 Husbandry
30:55 Bloodlines
33:06 Light Cavalry
35:56 Chemistry
35:59 Ring Archer Armor
35:29 Bracer
36:03 Hand Cart
35:49 Town Patrol
35:35 Hussar
40:22 Chain Barding Armor
40:36 Elite Genoese Crossbowman
Chadwick
9:36 Feudal Age
16:02 Castle Age
15:44 Horse Collar
15:50 Double-Bit Axe
18:21 Wheelbarrow
21:48 Loom
26:45 Bow Saw
33:11 Heavy Plow
39:17 Imperial Age
36:18 Pikeman
39:15 Hand Cart
39:24 Scale Mail Armor
39:34 Forging
40:07 Forging
40:07 Halberdier
41:07 Gold Mining
41:07 Stone Mining
43:32 Conscription
43:19 Squires
43:04 Arson
45:49 Iron Casting
focuzng
9:48 Feudal Age
11:00 Double-Bit Axe
15:16 Castle Age
13:56 Forging
13:54 Scale Barding Armor
14:52 Fishing Lines
15:40 Forging
17:15 Bow Saw
18:57 Gillnets
19:02 Loom
19:10 Horse Collar
20:20 Light Cavalry
27:16 Imperial Age
25:53 Wheelbarrow
25:58 Fletching
26:46 Town Watch
28:09 Hand Cart
28:17 Husbandry
30:16 Elite Mangudai
31:19 Conscription
32:06 Bloodlines
31:54 Gold Mining
32:23 Bodkin Arrow
33:04 Thumb Ring
34:38 Capped Ram
36:07 Nomads
35:38 Siege Ram
36:42 Ballistics
37:34 Light Cavalry
38:53 Heavy Plow
38:57 Padded Archer Armor
44:06 Chemistry
43:12 Siege Engineers
42:51 Hussar
43:53 Chain Barding Armor
44:53 Bracer
47:46 Drill
abbnn
0:30 Loom
10:13 Feudal Age
11:29 Wheelbarrow
10:41 Double-Bit Axe
11:30 Stone Mining
19:52 Castle Age
17:59 Gold Mining
20:48 Hand Cart
20:45 Bow Saw
40:11 Imperial Age
38:11 Padded Archer Armor
38:01 Fletching
39:14 Leather Archer Armor
39:13 Forging
40:41 Town Watch
40:54 Bodkin Arrow
41:02 Squires
40:25 Pikeman
45:00 Scale Mail Armor
Connection lost

Rejoining the realm…

Still unreachable

The connection could not be restored.

Session expired

The server has moved on; the page needs a fresh start.